 Dungeon Crawl Stone Soup version 0.26.1-2-gb8aa6d0cf2 (webtiles) character file.

Game seed: 6859972265187796051

19871 jlumianski the Cleaver (level 12, -2/110 HPs)
             Began as a Palentonga Fighter on Mar 1, 2021.
             Was a High Priest of Okawaru.
             Slain by a white ugly thing (33 damage)
             ... on level 13 of the Dungeon.
             The game lasted 01:08:25 (17268 turns).

jlumianski the Cleaver (Palentonga Fighter)        Turns: 17268, Time: 01:08:25

Health: -2/110     AC: 28    Str: 24    XL:     12   Next: 40%
Magic:  5/12       EV:  6    Int:  9    God:    Okawaru [*****.]
Gold:   896        SH: 14    Dex: 16    Spells: 11/11 levels left

rFire    . . .     SeeInvis +   a - +4 war axe (freeze)
rCold    . . .     Faith    .   c - +2 kite shield
rNeg     . . .     Spirit   .   F - +0 plate armour
rPois    +         Reflect  .   i - +2 helmet
rElec    .         Harm     .   L - +2 cloak {rPois}
rCorr    .         Rampage  .   s - +2 pair of gloves
Will     +....                  (no barding)
Stlth    ..........             (no amulet)
HPRegen  0.28/turn              I - +6 ring of dexterity
MPRegen  0.13/turn              P - ring of willpower

@: curled up
A: large, hooves 2, rugged brown scales 3, see invisible, deformed body, subdued
magic 1, roll 1, armoured tail, reflexive curl
a: Rolling Charge, Renounce Religion, Heroism, Finesse


You were on level 13 of the Dungeon.
You worshipped Okawaru.
Okawaru was extremely pleased with you.
You visited 2 branches of the dungeon, and saw 15 of its levels.
You also visited: Bailey.

You collected 896 gold pieces.

Inventory:

Hand Weapons
 a - a +4 war axe of freezing (weapon)
 t - a +0 vampiric hand axe
 x - a +2 vorpal trident
 M - a +1 morningstar of protection
Missiles
 f - 9 javelins
 g - 7 curare-tipped darts
 k - 3 throwing nets
 v - 25 poisoned darts
 J - 4 boomerangs (quivered)
 K - 9 silver boomerangs
Armour
 c - a +2 kite shield (worn)
 i - a +2 helmet (worn)
 p - a +1 scale mail of cold resistance
 s - a +2 pair of gloves (worn)
 A - a +1 hat
 E - a scarf of invisibility
 F - a +0 plate armour (worn)
 L - a +2 cloak of poison resistance (worn)
Jewellery
 o - a +6 ring of dexterity
 w - an uncursed ring of see invisible
 G - an uncursed ring of protection from fire
 I - a +6 ring of dexterity (left hand)
 N - an uncursed ring of resist corrosion
 P - a ring of willpower (right hand)
 R - an uncursed ring of fire
Wands
 b - a wand of random effects (13)
 j - a wand of digging (15)
 l - a wand of flame (8)
 D - a wand of polymorph (12)
 H - a wand of iceblast (16)
 Q - a wand of paralysis (10)
Scrolls
 e - 3 scrolls of blinking
 h - 2 scrolls of fog
 n - 13 scrolls of remove curse
 r - 9 scrolls of identify
 u - 6 scrolls of teleportation
 y - 2 scrolls of magic mapping
 B - a scroll of immolation
 T - a scroll of summoning {unknown}
Potions
 d - a potion of might
 m - 5 potions of curing
 q - 2 potions of flight
 z - 3 potions of heal wounds
 C - 3 potions of cancellation
 O - a potion of lignification {unknown}
 S - a potion of experience {unknown}
 U - a potion of resistance
Miscellaneous
 V - a tin of tremorstones (2/2)


   Skills:
 + Level 8.6 Fighting
 + Level 13.3 Axes
 + Level 1.5 Throwing
 + Level 8.3 Armour
 + Level 2.9 Dodging
 + Level 7.7 Shields
 + Level 0.5 Unarmed Combat
 + Level 1.2 Invocations
 + Level 0.1 Evocations


You had 11 spell levels left.
You didn't know any spells.
Your spell library contained the following spells:

 Spells                   Type           Power        Failure   Level
 Shock                    Conj/Air       0%           99%         1
 Sting                    Tmut/Pois      0%           99%         1
 Poisonous Vapours        Pois/Air       0%           100%        2
 Swiftness                Air            0%           100%        2
 Confusing Touch          Hex            0%           100%        3
 Gell's Gravitas          Tloc           0%           100%        3
 Ignite Poison            Fire/Tmut/Pois 0%           100%        3
 Mephitic Cloud           Conj/Pois/Air  0%           100%        3
 Static Discharge         Conj/Air       0%           100%        3
 Airstrike                Air            0%           100%        4
 Animate Dead             Necr           0%           100%        4
 Ice Form                 Ice/Tmut       0%           100%        4
 Olgreb's Toxic Radiance  Pois           0%           100%        4
 Petrify                  Tmut/Erth      0%           100%        4
 Borgnjor's Vile Clutch   Necr/Erth      0%           100%        5
 Lightning Bolt           Conj/Air       0%           100%        5
 Metabolic Englaciation   Hex/Ice        0%           100%        5
 Yara's Violent Unravell  Hex/Tmut       0%           100%        5
 Death Channel            Necr           0%           100%        6
 Freezing Cloud           Conj/Ice/Air   0%           100%        6
 Ozocubu's Refrigeration  Ice            0%           100%        6
 Simulacrum               Ice/Necr       0%           100%        6


Dungeon Overview and Level Annotations

Branches:
Dungeon (14/15)            Temple (1/1) D:7            Lair (0/6) D:9
    Orc (0/2) D:12         Bailey (visited)
 Vaults: D:13-14

Altars:
Ashenzari
Dithmenos
Fedhas
Kikubaaqudgha
Makhleb
Nemelex Xobeh
Okawaru
Qazlal
Ru
Sif Muna
Trog
Wu Jian
Yredelemnul
Zin
The Shining One

Shops:
D:5 :

Portals:
Trove: D:13 (show abyssal rune of Zot)

Annotations:
D:7 1 runed translucent door


Innate Abilities, Weirdness & Mutations

You are completely covered in rugged brown scales. (AC +3, +7% HP)
You have supernaturally acute eyesight. (SInv)
Armour fits poorly on your strangely shaped body.
You can roll at nearby foes to attack.
You have a long armoured tail.
You curl defensively after being hit.
You have hoof-like feet.
Your spells are a little easier to cast, but a little less powerful.


Message History

Okawaru accepts your kill.
You slash the white ugly thing! You freeze the white ugly thing.
An eye of draining comes into view.
The eye of draining turns its gaze towards you.
The white ugly thing tentacle-slaps you but does no damage.
The eye of draining gazes at you.
You feel your power leaking away.
The white ugly thing basks in the mutagenic energy from its kin and changes!
You see here a ring of willpower.
The eye of draining gazes at you.
You feel your power leaking away.
There is a stone staircase leading up here.
The white ugly thing tentacle-slaps you but does no damage.
You climb upwards.
There is a stone staircase leading down here.
You block the white ugly thing's attack.
The white ugly thing tentacle-slaps you!
* * * LOW HITPOINT WARNING * * *
The white ugly thing freezes you!!
You die...

..#.........###....########....#
###.....).....((.((....((......#
.......))...####........####...#
###..≈≈÷≈≈[...##........# #####
.....≈.).≈..#.###.......#
>....≈.∩.≈......#.......#
#.#..≈.>.≈..............##
.....≈≈≈≈≈.##............#
.##<.........<..@u.....#.##### ##
#...#...####.###..###........###)
#......####..# ##...#####>.#.((((
...###.##...## ###......(..####.
#.## #.#..### ########### ## #.#
##.#.## #.###....# #.......##
....#...#


You could see a white ugly thing.

Vanquished Creatures
  Gastronok (D:9)
  Harold (D:10)
  Erica (D:8)
  A two-headed ogre (D:9)
  Urug (D:10)
  2 unseen horrors
  An orc knight (Bailey)
  An ugly thing (D:14)
  2 cyclopes
  A manticore (D:11)
  3 gargoyles
  A kobold demonologist (D:12)
  3 trolls
  17 yaks
  A wraith (D:9)
  3 vampire mosquitoes
  Menkaure (D:6)
  A soldier ant (D:9)
  A water moccasin (D:12)
  14 orc warriors
  A black bear (D:8)
  5 ice beasts
  3 phantoms
  An eye of draining (D:11)
  3 ogres
  7 centaurs
  2 big kobolds
  4 bullfrogs
  A wyvern skeleton (D:10)
  8 scorpions
  15 killer bees
  5 howler monkeys
  15 wights
  4 electric eels
  A quasit (D:4)
  6 jellies
  2 bullfrog zombies
  A centaur skeleton (D:8)
  2 centaur zombies
  5 hounds
  3 orc priests
  11 orc wizards
  2 bullfrog skeletons
  Ijyb (D:5)
  9 worker ants
  6 iguanas
  A killer bee zombie (D:10)
  2 hound zombies
  5 hound skeletons
  A worker ant zombie (D:10)
  Robin (D:3)
  A howler monkey skeleton (D:4)
  A gnoll (D:1)
  11 adders
  4 white imps
  3 ufetubi
  An adder skeleton (D:6)
  An adder zombie (D:5)
  6 worms
  6 dart slugs
  4 leopard geckos
  46 orcs
  8 bats
  5 giant cockroaches
  21 goblins
  11 hobgoblins
  12 jackals
  A quokka (D:8)
  2 ball pythons
  5 frilled lizards
  13 kobolds
  2 quokka skeletons
  10 rats
364 creatures vanquished.

Vanquished Creatures (others)
  A dart slug (D:6)
  15 fungi
  8 plants
  2 toadstools (D:12)
  4 withered plants (D:7)
30 creatures vanquished.

Grand Total: 394 creatures vanquished

Notes
Turn   | Place    | Note
-------+----------+-------------------------------------------
     0 | D:1      | jlumianski the Palentonga Fighter began the quest for the
                  | Orb.
     0 | D:1      | Reached XP level 1. HP: 20/20 MP: 1/1
   107 | D:1      | Reached XP level 2. HP: 25/27 MP: 2/2
   508 | D:1      | Reached XP level 3. HP: 33/33 MP: 3/3
  1351 | D:3      | Noticed Robin
  1615 | D:2      | Reached XP level 4. HP: 40/40 MP: 4/4
  1728 | D:2      | Reached skill level 3 in Axes
  1774 | D:3      | Killed Robin
  2185 | D:3      | Reached XP level 5. HP: 43/48 MP: 5/5
  2490 | D:4      | Found a shimmering blue altar of Sif Muna.
  2490 | D:4      | Found a sparkling altar of Nemelex Xobeh.
  2806 | D:3      | Found a basalt altar of Yredelemnul.
  2830 | D:3      | Reached skill level 4 in Axes
  3060 | D:4      | Reached skill level 1 in Dodging
  3060 | D:4      | Reached XP level 6. HP: 36/54 MP: 6/6
  3291 | D:5      | Entered Level 5 of the Dungeon
  3292 | D:5      | Noticed an ice beast
  3353 | D:4      | Killed an ice beast
  3505 | D:4      | Reached skill level 5 in Axes
  3662 | D:6      | Noticed Menkaure
  3667 | D:6      | Killed Menkaure
  3668 | D:6      | Gained mutation: You curl defensively after being hit.
                  | [Palentonga growth]
  3668 | D:6      | Reached XP level 7. HP: 33/63 MP: 7/7
  3856 | D:5      | Noticed Ijyb
  3900 | D:5      | Killed Ijyb
  4542 | D:6      | Reached skill level 6 in Axes
  4670 | D:5      | Reached XP level 8. HP: 60/71 MP: 8/8
  4708 | D:5      | Found Jaosmit's Book Emporium.
  5575 | D:6      | Reached skill level 7 in Axes
  5903 | D:6      | Found a stormy altar of Qazlal.
  6268 | D:7      | Reached skill level 5 in Fighting
  6434 | D:7      | Found a runed translucent door.
  6434 | D:7      | Noticed a sixfirhy
  6840 | D:8      | Reached skill level 5 in Armour
  6845 | D:8      | Reached skill level 8 in Axes
  7115 | D:9      | Noticed Gastronok
  7411 | D:8      | Reached XP level 9. HP: 79/79 MP: 9/9
  7803 | D:8      | Gained mutation: Your spells are a little easier to cast,
                  | but a little less powerful. [potion of mutation]
  7803 | D:8      | Gained mutation: You have large cloven feet. [potion of
                  | mutation]
  7803 | D:8      | Gained mutation: You have hoof-like feet. [potion of
                  | mutation]
  7956 | D:7      | Found a staircase to the Ecumenical Temple.
  7962 | Temple   | Entered the Ecumenical Temple
  7980 | Temple   | Became a worshipper of Warmaster Okawaru
  8138 | D:7      | Found an ancient bone altar of Kikubaaqudgha.
  8138 | D:7      | Found a blossoming altar of Fedhas.
  8400 | D:7      | Reached skill level 5 in Shields
  8652 | D:7      | Reached * piety under Okawaru
  9655 | D:9      | Noticed Erica
  9670 | D:9      | Found a staircase to the Lair.
 10156 | D:9      | Reached skill level 9 in Axes
 10193 | D:10     | Entered Level 10 of the Dungeon
 10324 | D:8      | Killed Erica
 10324 | D:8      | Reached ** piety under Okawaru
 10325 | D:8      | Reached XP level 10. HP: 76/88 MP: 7/10
 10407 | D:9      | Killed Gastronok
 10407 | D:9      | Reached *** piety under Okawaru
 10408 | D:9      | Reached skill level 10 in Axes
 10408 | D:9      | Reached skill level 1 in Throwing
 10408 | D:9      | Reached skill level 1 in Invocations
 10609 | D:9      | Reached skill level 11 in Axes
 10832 | D:9      | Received a gift from Okawaru
 11909 | D:10     | Noticed Harold
 11916 | D:10     | Killed Harold
 11916 | D:10     | Reached **** piety under Okawaru
 12031 | D:10     | Reached XP level 11. HP: 76/91 MP: 11/11
 12041 | D:10     | Noticed a two-headed ogre
 12122 | D:9      | Killed a two-headed ogre
 12266 | D:10     | Noticed Urug
 12283 | D:10     | Killed Urug
 12378 | D:10     | Reached ***** piety under Okawaru
 12741 | D:10     | Reached skill level 12 in Axes
 13766 | D:11     | Received a gift from Okawaru
 13918 | D:12     | Noticed an unseen horror
 13924 | D:12     | Killed an unseen horror
 14432 | D:12     | Found a staircase to the Orcish Mines.
 14705 | D:11     | Reached XP level 12. HP: 108/108 MP: 12/12
 15204 | D:11     | Reached skill level 13 in Axes
 15329 | D:12     | Identified the +1 leather armour of Qazlal's Displeasure
                  | {Dex+3} (You found it on level 12 of the Dungeon)
 15531 | D:13     | Found a flagged portal.
 15550 | Bailey   | Entered a bailey
 17120 | D:13     | Found a portal to a secret trove of treasure.
 17268 | D:13     | Slain by a white ugly thing

Illustrated notes

Levels and vault maps discovered:
D:1:      amcnicky_arrival_flooded_fountain, layout_loops_ring,
          minmay_misc_feat_five
D:2:      layout_basic
D:3:      layout_rooms, lemuel_doored_altar, uniq_robin
D:4:      layout_basic, gammafunk_temple_overflow_elements
D:5:      layout_rooms, serial_shops, nicolae_shop_stone, uniq_ijyb
D:6:      kennysheep_slugbush, layout_basic, grunt_qazlal_clouds, uniq_menkaure
D:7:      cheibrodos_shockbox, layout_loops_corners,
          grunt_temple_overflow_growth_and_decay, minmay_temple_entry_hall,
          nrook_uturn, minivault_5
D:8:      layout_basic
D:9:      layout_cave_pools, dpeg_oklobed_lair, minivault_16,
          kennysheep_diamond, kennysheep_doodads, uniq_erica, uniq_gastronok
D:10:     layout_long_grid, minmay_circle_x, uniq_urug, uniq_harold
D:11:     layout_stronghold
D:12:     layout_long_grid, orc_0_dummy, minivault_4, minmay_gold_behind_fungi,
          kennysheep_generic_room_11
D:13:     layout_rooms, enter_bailey_5, nicolae_trove_entry_free_sample,
          minmay_statues_item
D:14:     layout_rooms, david_vaults_5, kennysheep_cross_room
Temple:   eino_temple_rhombus

Skill      XL: |  1  2  3  4  5  6  7  8  9 10 11 12 |
---------------+-------------------------------------+-----
Armour         | 3 4 5 6 7 8 |  8.3
Axes           | 3 4 5 6 8 9 11 12 13 | 13.3
Shields        | 3 4 5 6 7 |  7.7
Dodging        | 1 2 |  2.9
Fighting       | 4 5 6 7 8 |  8.6
Throwing       | 1 |  1.5
Invocations    | 1 |  1.2
Unarmed Combat | |  0.5
Evocations     | |  0.1

Action                   |  1- 3 |  4- 6 |  7- 9 | 10-12 || total
-------------------------+-------+-------+-------+-------++-------
Melee: War axe           |    88 |   214 |   409 |   419 ||  1130
       Tailslap          |     9 |    18 |    58 |    72 ||   157
       Unarmed           |       |       |    32 |       ||    32
       Kick              |       |       |    26 |   165 ||   191
Throw: Dart              |     2 |     7 |    17 |     6 ||    32
       Boomerang         |       |       |       |    13 ||    13
Invok: Heroism           |       |       |     2 |     6 ||     8
 Abil: Rolling Charge    |    22 |    22 |    50 |    55 ||   149
Evoke: Wand              |       |       |       |     1 ||     1
  Use: Potion            |       |     3 |     9 |       ||    12
       Scroll            |       |       |    16 |    15 ||    31
Armor: Scale mail        |    37 |    79 |       |       ||   116
       Chain mail        |       |    55 |     7 |       ||    62
       Plate armour      |       |       |   261 |   212 ||   473
Dodge: Dodged            |    19 |    50 |    66 |    66 ||   201
Block: Kite shield       |    33 |   111 |   236 |   367 ||   747
